 Dungeon Crawl Stone Soup version 0.21.0-24-g2553a33 (webtiles) character file.

257 Faca the Cudgeler (level 6, -1/40 HPs)
             Began as a Gargoyle Fighter on Jan 20, 2018.
             Killed from afar by an orc wizard (4 damage)
             ... with a magic dart
             ... on level 3 of the Dungeon.
             The game lasted 00:05:42 (2873 turns).

Faca the Cudgeler (Gargoyle Fighter)                Turns: 2873, Time: 00:05:42

Health: -1/40      AC: 11    Str: 20    XL:     6   Next: 16%
Magic:  6/6        EV:  7    Int:  8    God:
Gold:   264        SH:  9    Dex: 11    Spells: 5/5 levels left

rFire    . . .     SeeInvis .   a - +0 flail
rCold    . . .     Gourm    .   c - +0 shield
rNeg     + . .     Faith    .   b - +0 scale mail
rPois    ∞         Spirit   .   (no helmet)
rElec    +         Reflect  .   (no cloak)
rCorr    .         Harm     .   (no gloves)
MR       .....                  (no boots)
Stlth    ..........             (no amulet)
HPRegen  0.13/turn              (no ring)
MPRegen  0.10/turn              (no ring)

@: no status effects
A: negative energy resistance 1, electricity resistance, unbreathing,
petrification resistance, rot immunity, AC +4
a: no special abilities


You were on level 3 of the Dungeon.
You were not hungry.

You visited 1 branch of the dungeon, and saw 4 of its levels.

You collected 264 gold pieces.

Inventory:

Hand Weapons
 a - a +0 flail (weapon)
 t - a +0 whip
Missiles
 r - 15 bolts
Armour
 b - a +0 scale mail (worn)
 c - a +0 shield (worn)
 s - a +2 plate armour of cold resistance
Wands
 o - a wand of flame (37)
Scrolls
 g - a scroll of enchant weapon {unknown}
 j - a scroll of enchant armour
 k - a scroll of blinking
 l - a scroll of fear {unknown}
 q - a scroll of immolation {unknown}
Potions
 d - 2 potions of might
 e - a potion of lignification
 i - 2 potions of agility
 m - a potion of flight
Comestibles
 f - 4 rations


   Skills:
 + Level 5.0 Fighting
 * Level 5.2 Maces & Flails
 - Level 3.2 Armour
 - Level 3.2 Shields


You had 5 spell levels left.
You didn't know any spells.

Dungeon Overview and Level Annotations

Branches:
Dungeon (4/15)
 Temple: D:4-7

Altars:


Innate Abilities, Weirdness & Mutations

You are resistant to torment.
Your stone body is resilient. (AC +4)
You are immune to poison.
You resist negative energy. (rN+)
You are resistant to electric shocks. (rElec)
You can survive without breathing.
You are immune to petrification.
You are immune to rotting.


Message History

You hear some strange, mumbled words.
A puff of frost appears from out of thin air!
The puff of frost hits you!
You hear some strange, mumbled words.
A puff of flame appears from out of thin air!
The puff of flame hits you!
* * * LOW HITPOINT WARNING * * *
You closely miss something. Something hits you but does no damage.
You miss something.
You hear some strange, mumbled words.
You closely miss something.
An orc wizard appears from thin air!
Reactivating autopickup.
The orc wizard hits you but does no damage.
The orc wizard gestures at you while chanting.
The puff of flame hits you!
You closely miss the orc wizard.
The orc wizard is almost dead.
The orc wizard points at you and mumbles some strange words.
The magic dart hits you!
You die...

###.....###......# #?#### #..
##### ##....###......# #....# #..
#...## #.............###....# #..
.....####.....#......#......#####
......# ###........###...........
......# ##..###....#......#####
......# ###..## #...........##...
.....####.....###................
......†..:.....o@.##.....#...##.#
................[[............#.#
.......#.##......................
.......#.###........#....###..#..
............#..##......### ##....
#...##...##..#..#(...<.# ##..#
..#####..###..#..((....### ##...
#..## #..####..#.........# #..#.
##..###...# #..>......##.# #.###


You could see an orc wizard.

Vanquished Creatures
  An orc priest (D:3)
  Jessica (D:3)
  3 orc wizards
  2 adders
  A shadow imp (D:3)
  7 worms
  2 dart slugs
  3 leopard geckos
  6 orcs
  2 giant cockroaches
  8 goblins
  8 hobgoblins
  4 jackals (D:1)
  A quokka (D:3)
  4 bats
  4 frilled lizards
  5 kobolds
  3 rats
65 creatures vanquished.

Notes
Turn   | Place    | Note
-------+----------+-------------------------------------------
     0 | D:1      | Faca the Gargoyle Fighter began the quest for the Orb.
     0 | D:1      | Reached XP level 1. HP: 14/14 MP: 1/1
   170 | D:1      | Reached XP level 2. HP: 19/19 MP: 2/2
   461 | D:1      | Reached XP level 3. HP: 24/24 MP: 3/3
   972 | D:2      | Reached XP level 4. HP: 22/29 MP: 4/4
  1452 | D:3      | Noticed Jessica
  1466 | D:3      | Killed Jessica
  1471 | D:3      | Reached XP level 5. HP: 12/34 MP: 5/5
  2492 | D:3      | Reached skill level 5 in Maces & Flails
  2492 | D:3      | Reached XP level 6. HP: 8/40 MP: 6/6
  2771 | D:4      | Reached skill level 5 in Fighting
  2873 | D:3      | Killed from afar by an orc wizard

Skill      XL: |  1  2  3  4  5  6 |
---------------+-------------------+-----
Maces & Flails | 3 4 5 |  5.2
Fighting       | 4 5 |  5.0
Armour         | |  3.2
Shields        | |  3.2

Action                   |  1- 3 |  4- 6 || total
-------------------------+-------+-------++-------
Melee: Flail             |   120 |   119 ||   239
       Whip              |       |   122 ||   122
  Use: Scroll            |       |     8 ||     8
       Potion            |       |     1 ||     1
  Eat: Ration            |       |     2 ||     2
Armor: Scale mail        |    61 |   131 ||   192
Dodge: Dodged            |    30 |    60 ||    90
Block: Shield            |    65 |   106 ||   171
